AoeStats
← Cinthya

QS Arena

503299279Analyzed
2v2 RM · 1mo ago on Aug 31, 2026· 39m 11s· 4 players
Game mode
Random Map
Map size
Medium (4 player)
Population
200
Speed
Normal
Resources
Standard
Victory
Conquest
Starting age
Dark Age
Ending age
Imperial Age
RankedLock teamsTeams togetherTeam positionsShared explorationLock speedFull tech treeHidden civsTurbo modeCheats
Victory
Defeat
🇪🇨 Cumans · Ecuador
1230
+14
🇪🇨 Tupi · Ecuador
1228
+14
🇨🇦 Burmese · Canada
1236
-16
🇨🇦 Khmer · Canada
1122
-11
BigOleGiraffe
8:56 Feudal Age
12:05 Castle Age
10:22 Double-Bit Axe
12:42 Scale Barding Armor
18:36 Horse Collar
21:21 Stone Mining
21:34 Heavy Plow
24:58 Wheelbarrow
25:21 Stone Shaft Mining
26:01 Chain Barding Armor
26:31 Fletching
27:29 Forging
27:59 Hand Cart
27:32 Loom
27:44 Bodkin Arrow
29:10 Iron Casting
28:52 Murder Holes
30:43 Ballistics
33:01 Husbandry
vince.dion123
6:40 Loom
9:02 Feudal Age
10:07 Horse Collar
11:19 Forging
10:49 Man-at-Arms
13:45 Scale Mail Armor
13:54 Arson
19:55 Castle Age
20:57 Gold Mining
21:34 Heavy Plow
22:31 Stone Mining
23:33 Fervor
23:44 Sanctity
26:01 Wheelbarrow
25:12 Town Watch
26:41 Bloodlines
26:31 Husbandry
26:44 Bloodlines
27:09 Padded Archer Armor
27:32 Ballistics
28:00 Gold Shaft Mining
29:41 Manipur Cavalry
33:54 Hand Cart
38:40 Imperial Age
36:19 Fletching
37:12 Town Patrol
37:25 Fortified Wall
37:39 Bodkin Arrow
39:44 Conscription
38:45 Elite Arambai
Cinthya
0:29 Loom
5:12 Loom
7:55 Feudal Age
9:46 Double-Bit Axe
13:09 Horse Collar
18:55 Castle Age
18:46 Forging
20:10 Wheelbarrow
19:42 Squires
21:22 Pikeman
22:18 Town Watch
24:58 Hand Cart
25:07 Heavy Plow
26:22 Capped Ram
28:50 Iron Casting
28:16 Scale Mail Armor
32:19 Chain Mail Armor
35:14 Imperial Age
33:35 Town Patrol
33:33 Gold Mining
35:08 Arson
35:19 Siege Ram
36:35 Plate Mail Armor
37:06 Blast Furnace
36:28 Conscription
35:29 Halberdier
36:41 Bow Saw
39:46 Two-Man Saw
estebandido
5:13 Loom
7:41 Feudal Age
8:36 Champi Runner
8:44 Champi Runner
9:32 Double-Bit Axe
13:44 Horse Collar
19:09 Castle Age
18:43 Fletching
19:12 Scale Mail Armor
20:21 Bodkin Arrow
19:58 Pikeman
22:57 Bow Saw
23:31 Squires
23:30 Crossbowman
27:59 Chain Mail Armor
28:07 Heavy Plow
35:07 Imperial Age
32:39 Padded Archer Armor
34:16 Wheelbarrow
33:58 Leather Archer Armor
36:22 Conscription
36:03 Bracer
36:02 Elite Blackwood Archer
36:27 Elite Blackwood Archer
39:12 Ballistics
39:52 Chemistry
Connection lost

Rejoining the realm…

Still unreachable

The connection could not be restored.

Session expired

The server has moved on; the page needs a fresh start.